 Dungeon Crawl Stone Soup version 0.29-a0-892-g2c4c91d9db (webtiles) character file.

Game seed: 762708472865854443

1491 runemasterragnar the Changer (level 8, -4/59 HPs)
             Began as a White Draconian Transmuter on July 23, 2022.
             Was a Follower of Vehumet.
             Engulfed by a steam dragon's steam (9 damage)
             ... on level 7 of the Dungeon.
             The game lasted 00:14:54 (6863 turns).

runemasterragnar the Changer (DrTm)                 Turns: 6863, Time: 00:14:55

Health: -4/59      AC:  6    Str: 12    XL:     8   Next: 51%
Magic:  13/16      EV: 13    Int: 20    God:    Vehumet [*.....]
Gold:   401        SH:  0    Dex: 14    Spells: 8/18 levels left

rFire   . . .      SeeInvis .     - Unarmed
rCold   + . .      Faith    .   (no shield)
rNeg    . . .      Spirit   .   (body armour unavailable)
rPois   .          Reflect  .   (helmet restricted)
rElec   .          Harm     .   (no cloak)
rCorr   .          Rampage  .   (no gloves)
Will    .....                   (no boots)
Stlth   +.........              (no amulet)
HPRegen 0.19/turn               (no ring)
MPRegen 0.15/turn               i - +6 ring of intelligence

@: no status effects
A: breathe frost, AC +6, unfitting armour, cold resistance 1, cold-blooded
a: Breathe Frost, Renounce Religion


You were on level 7 of the Dungeon.
You worshipped Vehumet.
Vehumet was aware of your devotion.
You visited 1 branch of the dungeon, and saw 7 of its levels.

You collected 401 gold pieces.

Inventory:

Armour
 p - a +0 pair of boots
 w - an orb of light
 x - a +0 helmet
Jewellery
 c - a ring of fire
 d - a ring of ice
 i - a +6 ring of intelligence (right hand)
 v - a +4 ring of evasion
Wands
 g - a wand of flame (27)
Scrolls
 h - a scroll of butterflies
 m - 2 scrolls of teleportation
 q - 2 scrolls of brand weapon
 r - a scroll of poison {unknown}
 y - a scroll of enchant weapon
Potions
 a - a potion of ambrosia {unknown}
 b - 3 potions of attraction
 e - 3 potions of might
 f - a potion of magic {unknown}
 j - 4 potions of curing
 k - 4 potions of haste {unknown}
 l - 2 potions of berserk rage {unknown}
 n - 2 potions of degeneration {unknown}
 s - a potion of flight {unknown}
 t - 3 potions of brilliance {unknown}
 u - 2 potions of heal wounds {unknown}


   Skills:
 - Level 1.6 Fighting
 - Level 2.9 Dodging
 - Level 5.2 Unarmed Combat
 + Level 5.6 Spellcasting
 + Level 6.0 Transmutations
 + Level 5.0 Ice Magic
 - Level 0.5 Poison Magic


You had 8 spell levels left.
You knew the following spells:

 Your Spells              Type           Power      Damage    Failure   Level
a - Beastly Appendage     Tmut           58%        N/A       1%          1
b - Spider Form           Tmut/Pois      18%        N/A       9%          3
c - Wereblood             Tmut           29%        N/A       1%          2
d - Ice Form              Ice/Tmut       27%        N/A       11%         4

Your spell library contained the following spells:

 Spells                   Type           Power      Damage    Failure   Level
 Foxfire                  Conj/Fire      20%        2x1d5     11%         1
 Passwall                 Tmut/Erth      14%        N/A       4%          2
 Ensorcelled Hibernation  Hex/Ice        30%        N/A       6%          2
 Swiftness                Air            5%         N/A       32%         3
 Borgnjor's Vile Clutch   Necr/Erth      2%         N/A       97%         5
 Statue Form              Tmut/Erth      11%        N/A       99%         6
 Dragon Form              Tmut           14%        N/A       100%        7


Dungeon Overview and Level Annotations

Branches:
Dungeon (7/15)             Temple (0/1) D:6

Altars:
Ashenzari
Dithmenos
Elyvilon
Fedhas
Makhleb
Qazlal
Ru
Uskayaw
Vehumet
Wu Jian
Zin

Shops:
D:2 (   D:6 *

Annotations:
D:4 2 runed translucent doors, gdog's ghost, weakling GnDe


Innate Abilities, Weirdness & Mutations

You can breathe waves of freezing cold which knock back foes.
Your icy white scales are hard. (AC +6)
You cannot fit into any form of body armour.
Your flesh is cold resistant. (rC+)
You are cold-blooded and may be slowed by cold attacks.


Message History

Confirm with . or Enter, or press ? or * to list all spells.
Okay, then.
Casting: Ice Form (dangerous; 11% risk of failure)
Confirm with . or Enter, or press ? or * to list all spells.
You turn into a creature of crystalline ice.
The steam dragon breathes steam at you. The ball of steam hits you!!
The steam scalds you terribly!
You barely miss the steam dragon. You barely miss the steam dragon.
You are engulfed in a cloud of scalding steam.
The steam dragon bites you.
The steam dragon claws you but does no damage.
You hit the steam dragon but do no damage.
The steam dragon bites you. The steam dragon barely misses you.
You hit the steam dragon. You freeze the steam dragon.
The steam dragon is lightly wounded.
The steam dragon bites you but does no damage.
The steam dragon claws you.
You punch the steam dragon! You freeze the steam dragon.
The steam dragon is moderately wounded.
The steam dragon breathes steam at you. The ball of steam hits you!!
The steam scalds you terribly!
* * * LOW HITPOINT WARNING * * *
Okay, then.
The steam dragon breathes steam at you. The ball of steam misses you.
Okay, then.
You warm up again.
The steam dragon bites you.
* * * LOW HITPOINT WARNING * * *
The steam dragon claws you but does no damage.
Okay, then.
Okay, then.
The steam dragon breathes steam at you. The ball of steam hits you!
* * * LOW HITPOINT WARNING * * *
As you read the scroll of fear, it crumbles to dust.
You assume a fearsome visage.
The steam dragon looks frightened!
You are engulfed in a cloud of scalding steam.
You die...

............#
#...........#
#...........## .
#.........?..#.#
#..............
#...:§......#
#........#
#D§.§# #@.###
#§## ###


You could see a steam dragon (fleeing).

Vanquished Creatures
  Pargi (D:3)
  An ogre (D:5)
  3 phantoms (D:6)
  4 scorpions
  A necrophage (D:5)
  A hound (D:6)
  3 orc priests
  A gnoll bouda (D:6)
  3 iguanas
  6 orc wizards
  A hound zombie (D:3)
  A hound skeleton (D:3)
  Robin (D:4)
  5 adders
  13 gnolls
  3 white imps
  An adder skeleton (D:3)
  2 worms
  2 dart slugs
  17 orcs
  5 ball pythons
  5 bats
  9 endoplasms
  4 giant cockroaches
  15 goblins
  6 hobgoblins
  A quokka (D:5)
  3 frilled lizards
  5 kobolds
  A rat (D:3)
124 creatures vanquished.

Vanquished Creatures (others)
  A sky beast (D:6)
  A withered plant (D:3)
2 creatures vanquished.

Grand Total: 126 creatures vanquished

Notes
Turn   | Place    | Note
-------+----------+-------------------------------------------
     0 | D:1      | runemasterragnar the Draconian Transmuter began the quest
                  | for the Orb.
     0 | D:1      | Reached XP level 1. HP: 16/16 MP: 3/3
   265 | D:1      | Found a faded altar of an unknown god.
   274 | D:1      | Reached XP level 2. HP: 23/23 MP: 3/5
  1116 | D:2      | Reached XP level 3. HP: 28/28 MP: 4/6
  1439 | D:2      | Found Nuisulue's Antique Weapon Shop.
  1726 | D:3      | Got the Dissertation on Variable Death
  1835 | D:3      | Noticed Pargi
  1849 | D:3      | Killed Pargi
  1850 | D:3      | Reached skill level 3 in Transmutations
  1850 | D:3      | Reached XP level 4. HP: 35/35 MP: 5/8
  1850 | D:3      | Reached XP level 5. HP: 40/40 MP: 5/9
  2884 | D:3      | Learned a level 3 spell: Spider Form
  2893 | D:5      | Entered Level 5 of the Dungeon
  2910 | D:5      | Reached XP level 6. HP: 25/47 MP: 1/11
  3428 | D:5      | Reached skill level 5 in Unarmed Combat
  3794 | D:5      | Reached skill level 4 in Transmutations
  4017 | D:4      | Found a stormy altar of Qazlal.
  4024 | D:4      | Your scales start taking on an icy white colour.
  4024 | D:4      | Reached XP level 7. HP: 52/52 MP: 8/12
  4024 | D:4      | Gained mutation: Your flesh is cold resistant. (rC+) [White
                  | Draconian growth]
  4032 | D:4      | Found a radiant altar of Vehumet.
  4034 | D:4      | Found a broken altar of Ashenzari.
  4034 | D:4      | Found a hide-covered altar of Uskayaw.
  4034 | D:4      | Found a glowing silver altar of Zin.
  4034 | D:4      | Found a sacrificial altar of Ru.
  4035 | D:4      | Found a burning altar of Makhleb.
  4036 | D:4      | Found a shadowy altar of Dithmenos.
  4037 | D:4      | Found a blossoming altar of Fedhas.
  4045 | D:4      | Became a worshipper of Vehumet
  4137 | D:4      | Found a runed translucent door.
  4144 | D:4      | Noticed gdog's ghost (weakling GnDe)
  4171 | D:4      | Learned a level 2 spell: Wereblood
  4176 | D:4      | Learned a level 4 spell: Ice Form
  4190 | D:4      | Noticed Robin
  4236 | D:4      | Reached skill level 1 in Ice Magic
  4243 | D:4      | Killed Robin
  4243 | D:4      | Reached * piety under Vehumet
  4243 | D:4      | Offered knowledge of Foxfire by Vehumet.
  4621 | D:4      | Found a runed translucent door.
  4963 | D:4      | Found an ornate altar of the Wu Jian Council.
  4964 | D:4      | Found a white marble altar of Elyvilon.
  5671 | D:6      | Found a staircase to the Ecumenical Temple.
  5683 | D:6      | Reached skill level 5 in Transmutations
  5745 | D:6      | Found the +4 moon troll leather armour {Spirit, Regen++
                  | MP+5}
  5763 | D:6      | Reached XP level 8. HP: 52/59 MP: 11/15
  5906 | D:6      | Reached skill level 5 in Spellcasting
  6084 | D:6      | Found Gaebeiz's Sacrilege Store.
  6614 | D:6      | Reached skill level 5 in Ice Magic
  6619 | D:6      | Reached skill level 6 in Transmutations
  6863 | D:7      | Engulfed by a steam dragon's steam

Illustrated notes

Levels and vault maps discovered:
D:1:      minmay_arrival_shattered_statue, layout_rooms,
          hellmonk_ecumenical_altar_heavens_door, serial_park_tiny_1,
          minmay_tetromino_i2
D:2:      layout_loops_ring, serial_shops, shop, serial_park_tiny_pond,
          serial_bayou_pond_e, minmay_misc_feat_rows, kennysheep_small_spiral,
          solitary_fountain, minmay_misc_feat_tower,
          ebering_dispersal_statue_hall
D:3:      layout_basic, serial_undead, serial_undead_a, serial_undead_c,
          serial_undead_c, serial_undead_b, uniq_pargi
D:4:      layout_rooms, minitemple, ebering_ghost_sewer_f, uniq_robin
D:5:      layout_cave_pods, supply_closet_lemuel
D:6:      layout_loops_cross, minmay_temple_entry_statues_pillars,
          nicolae_evil_shop
D:7:      gammafunk_beogh_shrine, layout_cave_pods, enter_bailey_6, uniq_pikel

Skill      XL: |  1  2  3  4  5  6  7  8 |
---------------+-------------------------+-----
Dodging        | 2 |  2.9
Unarmed Combat | 4 5 |  5.2
Spellcasting   | 3 4 5 |  5.6
Transmutations | 3 4 5 6 |  6.0
Ice Magic      | 3 5 |  5.0
Fighting       | |  1.6
Poison Magic   | |  0.5

Action                   |  1- 3 |  4- 6 |  7- 9 || total
-------------------------+-------+-------+-------++-------
Melee: Unarmed           |    70 |    92 |   151 ||   313
       Kick              |    20 |    10 |    10 ||    40
       Headbutt          |    10 |    10 |     7 ||    27
       Tailslap          |     6 |     3 |     6 ||    15
       Punch             |     3 |     4 |     4 ||    11
 Cast: Beastly Appendage |    33 |    13 |     6 ||    52
       Spider Form       |       |     7 |     2 ||     9
       Ice Form          |       |       |    15 ||    15
 Abil: Breathe Frost     |       |       |     2 ||     2
       End Transformatio |       |       |     1 ||     1
  Use: Potion            |     1 |     2 |       ||     3
       Scroll            |       |    11 |     2 ||    13
 Stab: Sleeping          |       |     1 |     1 ||     2
Armor: Skin              |    27 |    22 |    47 ||    96
Dodge: Dodged            |    43 |    61 |    61 ||   165

Table legend: (Time is in decaauts)
 A = Elapsed time spent in this place.
 B = Non-inter-level travel time spent in this place.
 C = Inter-level travel time spent in this place.
 D = Time resting spent in this place.
 E = Time spent auto-exploring this place.
 F = Levels seen in this place.
 G = Mean time per level.
                   A        B        C        D        E       F      G
               +--------+--------+--------+--------+--------+-----+--------+
         Total |   6833 |   6709 |    124 |    711 |   4958 |   7 |  976.1 |
       Dungeon |   6833 |   6709 |    124 |    711 |   4958 |   7 |  976.1 |
               +--------+--------+--------+--------+--------+-----+--------+

Top non-repeatable levels by time:
     D:5: 1730 daAuts
     D:6: 1254 daAuts
     D:3: 1167 daAuts
     D:2: 1066 daAuts
     D:4: 960 daAuts
     D:1: 641 daAuts
     D:7: 12 daAuts
